 Dungeon Crawl Stone Soup version 0.28-a0-199-g298df9dbad (webtiles) character file.

Game seed: 12148934929991181452

70 willcat the Sneak (level 4, -4/28 HPs)
             Began as a Kobold Delver on Aug 19, 2021.
             Slain by a sky beast (6 damage)
             ... on level 6 of the Dungeon.
             The game lasted 00:00:38 (334 turns).

willcat the Sneak (Kobold Delver)                    Turns: 334, Time: 00:00:39

Health: -4/28      AC:  3    Str:  9    XL:     4   Next: 45%
Magic:  4/4        EV: 15    Int: 11    God:
Gold:   23         SH:  0    Dex: 17    Spells: 3/3 levels left

rFire   . . .      SeeInvis .   a - +0 short sword
rCold   . . .      Faith    .   (shield restricted)
rNeg    . . .      Spirit   .   b - +0 leather armour
rPois   .          Reflect  .   (no helmet)
rElec   .          Harm     .   (no cloak)
rCorr   .          Rampage  .   (no gloves)
Will    .....                   (no boots)
Stlth   ++++......              (no amulet)
HPRegen 0.09/turn               (no ring)
MPRegen 0.09/turn               (no ring)

@: no status effects
A: small, no large weapons, nightstalker 3
a: no special abilities


You were on level 6 of the Dungeon.
You visited 1 branch of the dungeon, and saw 2 of its levels.

You collected 23 gold pieces.

Inventory:

Hand Weapons
 a - a +0 short sword (weapon)
Missiles
 m - 6 poisoned darts (quivered)
Armour
 b - a +0 leather armour (worn)
Wands
 g - a wand of digging (3)
Scrolls
 c - a scroll of fog
 d - a scroll of magic mapping
 e - 2 scrolls of fear
 h - a scroll of immolation {unknown}
 i - a scroll of noise {unknown}
 k - a scroll of identify {unknown}
 l - a scroll of brand weapon {unknown}
Potions
 f - a potion of haste
 j - a potion of brilliance {unknown}


   Skills:
 - Level 3.2 Fighting
 + Level 4.0 Short Blades
 + Level 0.1 Throwing
 + Level 3.5 Dodging
 + Level 7.4 Stealth


You had 3 spell levels left.
You didn't know any spells.
Your spell library was empty.

Dungeon Overview and Level Annotations

Branches:
Dungeon (6/15)
 Temple: D:4-7

Altars:

Annotations:
D:5 Pikel


Innate Abilities, Weirdness & Mutations

You are small and have problems with some larger weapons.
You are completely attuned to the shadows.


Message History

Throw: 12 darts (poison)
Press: ? - help, Q - select action Shift-Dir - straight line, f - sky beast
Aim: a sky beast (rain, 50% to hit)
You throw a poisoned dart.
The poisoned dart closely misses the sky beast.
The sky beast barely misses you.
Throw: 11 darts (poison)
Press: ? - help, Q - select action Shift-Dir - straight line, f/p - sky beast
Aim: a sky beast (50% to hit)
You throw a poisoned dart. The poisoned dart hits the sky beast.
The sky beast hits you. The sky beast shocks you.
Unknown command.
Throw: 10 darts (poison)
Press: ? - help, Q - select action Shift-Dir - straight line, f/p - sky beast
Aim: a sky beast (50% to hit)
You throw a poisoned dart.
The poisoned dart closely misses the sky beast.
Unknown command.
Throw: 9 darts (poison)
Press: ? - help, Q - select action Shift-Dir - straight line, f/p - sky beast
Aim: a sky beast (50% to hit)
You throw a poisoned dart. The poisoned dart misses the sky beast.
The sky beast misses you.
Unknown command.
Throw: 8 darts (poison)
Press: ? - help, Q - select action Shift-Dir - straight line, f/p - sky beast
Aim: a sky beast (50% to hit)
You throw a poisoned dart. The poisoned dart hits the sky beast.
The sky beast hits you. The sky beast shocks you.
* * * LOW HITPOINT WARNING * * *
Throw: 7 darts (poison)
Press: ? - help, Q - select action Shift-Dir - straight line, f/p - sky beast
Aim: a sky beast (50% to hit)
You throw a poisoned dart. The poisoned dart hits the sky beast.
The sky beast flickers out of sight!
Deactivating autopickup; reactivate with Ctrl-A.
Something hits you.
* * * LOW HITPOINT WARNING * * *
Something shocks you.
You die...

..##.# #########.#
####.. .....#(# ####
##########.#.####
..............>.......
....#####.#######.####
....# #.# #.# ....##
#.# #.#
......###.#######.#
#.###.#......#({@.#
#.# #.#.(....#.####
#.# #........#.#
#.####.......#.####
#............#.....
#####....... #.....
#....... #(....
#...... #.#### ##.....
#(#


There were no monsters in sight!

Vanquished Creatures
  A jelly (D:5)
  A hound (D:5)
  An adder (D:6)
3 creatures vanquished.

Notes
Turn   | Place    | Note
-------+----------+-------------------------------------------
     0 | D:5      | willcat the Kobold Delver began the quest for the Orb.
     0 | D:5      | Reached XP level 1. HP: 14/14 MP: 1/1
     8 | D:5      | Noticed a hound
    12 | D:5      | Killed a hound
    13 | D:5      | Reached skill level 7 in Stealth
    13 | D:5      | Reached XP level 2. HP: 19/19 MP: 2/2
    13 | D:5      | Reached XP level 3. HP: 23/23 MP: 3/3
    71 | D:5      | Reached XP level 4. HP: 28/28 MP: 4/4
   179 | D:5      | Noticed Pikel
   179 | D:5      | Noticed a lemure
   180 | D:5      | Noticed a lemure
   181 | D:5      | Noticed a lemure
   318 | D:6      | Noticed a sky beast
   334 | D:6      | Slain by a sky beast

Illustrated notes

Levels and vault maps discovered:
D:5:      layout_basic, kennysheep_generic_room_4, uniq_pikel
D:6:      layout_basic

Skill      XL: |  1  2  3  4 |
---------------+-------------+-----
Short Blades   | 3 4 |  4.0
Dodging        | 3 |  3.5
Stealth        | 7 |  7.4
Fighting       | |  3.2
Throwing       | |  0.1

Action                   |  1- 3 |  4- 6 || total
-------------------------+-------+-------++-------
Melee: Short sword       |     2 |     1 ||     3
Throw: Dart              |       |    11 ||    11
 Stab: Sleeping          |     2 |       ||     2
       Distracted        |       |     1 ||     1
Armor: Leather armour    |       |     1 ||     1
Dodge: Dodged            |       |     2 ||     2

Table legend: (Time is in decaauts)
 A = Elapsed time spent in this place.
 B = Non-inter-level travel time spent in this place.
 C = Inter-level travel time spent in this place.
 D = Time resting spent in this place.
 E = Time spent auto-exploring this place.
 F = Levels seen in this place.
 G = Mean time per level.
                   A        B        C        D        E       F      G
               +--------+--------+--------+--------+--------+-----+--------+
         Total |    333 |    333 |      0 |      0 |    254 |   2 |  166.5 |
       Dungeon |    333 |    333 |      0 |      0 |    254 |   2 |  166.5 |
               +--------+--------+--------+--------+--------+-----+--------+

Top non-repeatable levels by time:
     D:5: 212 daAuts
     D:6: 120 daAuts
